 Dungeon Crawl Stone Soup version 0.21-a0-55-gb612c23 (webtiles) character file.

149 Rododendron the Conjurer (level 5, 0/28 HPs)
             Began as a Deep Elf Conjurer on June 15, 2017.
             Succumbed to a kobold's poison
             ... in a sewer.
             The game lasted 00:08:45 (2638 turns).

Rododendron the Conjurer (Deep Elf Conjurer)        Turns: 2638, Time: 00:08:45

Health: 0/28       AC:  2    Str:  5    XL:     5   Next: 9%
Magic:  1/13       EV: 13    Int: 23    God:
Gold:   86         SH:  0    Dex: 15    Spells: 6/12 levels left

rFire    + + .     SeeInvis .   (no weapon)
rCold    + . .     Gourm    .   (no shield)
rNeg     . . .     Faith    .   a - +0 robe
rPois    .         Spirit   .   (no helmet)
rElec    .         Reflect  .   l - scarf {rC+ rF+}
rCorr    .         Harm     .   (no gloves)
MR       .....                  (no boots)
Stlth    ++........             (no amulet)
HPRegen  0.09/turn              (no ring)
MPRegen  0.13/turn              (no ring)

@: lethally poisoned (0 -> -18), very slightly contaminated
A: clever 1, fire resistance 1, screaming 1
a: no special abilities


You were in a sewer.
You were not hungry.

You visited 1 branch of the dungeon, and saw 3 of its levels.
You also visited: Sewer.

You collected 86 gold pieces.

Inventory:

Armour
 a - a +0 robe (worn)
 l - a scarf of resistance (worn)
Scrolls
 d - a scroll of blinking
 e - a scroll of identify
 f - 3 scrolls of remove curse
 g - a scroll of enchant armour
Books
 b - a book of Conjurations

   Spells                             Type                      Level
   a - Magic Dart                     Conjuration                  1
   b - Searing Ray                    Conjuration                  2
   c - Dazzling Spray                 Conjuration/Hexes            3
   d - Fulminant Prism                Conjuration/Hexes            4
   e - Force Lance                    Conjuration/Translocation    4
   f - Iskenderun's Mystic Blast      Conjuration                  4
Comestibles
 c - 4 bread rations
 j - a royal jelly


   Skills:
 - Level 2.4 Dodging
 - Level 2.4 Stealth
 + Level 4.3 Spellcasting
 - Level 5.8 Conjurations
 - Level 3.1 Hexes


You had 6 spell levels left.
You knew the following spells:

 Your Spells              Type           Power        Failure   Level  Hunger
a - Magic Dart            Conj           ####         1%          1    None
b - Dazzling Spray        Conj/Hex       ####..       4%          3    ##.....
c - Searing Ray           Conj           ####..       1%          2    None


Dungeon Overview and Level Annotations

Branches:
Dungeon (3/15)

Altars:
Ru


Innate Abilities, Weirdness & Mutations

Your mind is acute. (Int +2)
Your flesh is heat resistant. (rF+)
You occasionally shout uncontrollably at your foes.


Message History

You enter the shallow water.
Moving in this stuff is going to be slow.
* * * LOW HITPOINT WARNING * * *
You feel sick. The big kobold hits you with a club.
* * * LOW HITPOINT WARNING * * *
Your magical contamination has completely faded away.
* * * LOW HITPOINT WARNING * * *
You feel sick.
* * * LOW HITPOINT WARNING * * *
You feel sick.
Sorry, you're not good enough to have a special ability.
Blink to where?
Press: ? - help, Dir - move target cursor, p - big kobold You are very lightly contaminated with residual magic.
As you read the scroll of blinking, it crumbles to dust.
* * * LOW HITPOINT WARNING * * *
You feel sick.
The kobold shoots a poisoned needle.
The poisoned needle hits you!
You are more poisoned.
You die...

#.≈≈≈≈≈(#
#..≈≈≈≈(#
#.≈≈≈≈.≈#########
#..≈≈≈K((≈≈≈≈≈≈≈≈
#..≈≈≈.≈#########
##≈≈≈K.## #.≈≈≈K#
###.≈≈≈≈#
#@..≈≈KK#
###.≈≈≈.# #.≈≈≈.#
##≈≈≈## #≈≈≈#
#≈≈≈# #≈≈≈# #≈≈≈#
##≈≈#


You could see a big kobold and 4 kobolds.

Vanquished Creatures
  4 adders
  4 gnolls
  4 oozes
  A worm (D:2)
  2 leopard geckos (D:2)
  An orc (D:3)
  A ball python (D:3)
  2 giant cockroaches
  9 goblins
  3 hobgoblins (D:2)
  4 jackals
  8 frilled lizards
  5 kobolds
  10 rats
58 creatures vanquished.

Vanquished Creatures (others)
  An orc (D:3)
1 creature vanquished.

Grand Total: 59 creatures vanquished

Notes
Turn   | Place    | Note
-------+----------+-------------------------------------------
     0 | D:1      | Rododendron the Deep Elf Conjurer began the quest for the Orb.
     0 | D:1      | Reached XP level 1. HP: 10/10 MP: 6/6
   308 | D:1      | Reached XP level 2. HP: 15/15 MP: 5/8
   311 | D:1      | Reached skill level 5 in Conjurations
   751 | D:2      | Reached XP level 3. HP: 14/19 MP: 3/9
   768 | D:2      | Found a faded altar of an unknown god.
   925 | D:1      | Learned a level 3 spell: Dazzling Spray
   928 | D:1      | Learned a level 2 spell: Searing Ray
   971 | D:2      | Reached skill level 1 in Hexes
   974 | D:2      | Reached XP level 4. HP: 20/24 MP: 0/10
  1804 | D:2      | Found a sacrificial altar of Ru.
  1848 | D:3      | Reached XP level 5. HP: 16/28 MP: 0/13
  2324 | D:3      | Found a glowing drain.
  2334 | Sewer    | Entered a sewer
  2629 | Sewer    | Gained mutation: You occasionally shout uncontrollably at your foes. [potion of mutation]
  2629 | Sewer    | Gained mutation: Your flesh is heat resistant. (rF+) [potion of mutation]
  2629 | Sewer    | Gained mutation: Your mind is acute. (Int +2) [potion of mutation]
  2638 | Sewer    | Succumbed to a kobold's poison

Vault maps used:
D:1:      minmay_arrival_widening_spiral_wide
D:2:      lemuel_round_altar, chequers_ecumenical_altar_island, first_bread,
          hangedman_decor_points, minmay_lizard_king
D:3:      tgw_fedhas, portal_sewer_entry_a, minmay_misc_feat_room,
          nicolae_underground_beach, uniq_grinder
Sewer:    sewer_kobolds

Skill      XL: |  1  2  3  4 |
---------------+-------------+-----
Conjurations   | 5 |  5.8
Hexes          | 2 3 |  3.1
Spellcasting   | 4 |  4.3
Dodging        | |  2.4
Stealth        | |  2.4

Action                   |  1- 3 |  4- 6 || total
-------------------------+-------+-------++-------
Melee: Unarmed           |       |    15 ||    15
 Cast: Magic Dart        |    52 |    72 ||   124
       Dazzling Spray    |       |     5 ||     5
  Use: Scroll            |       |     8 ||     8
       Potion            |       |     1 ||     1
  Eat: Chunk             |       |     3 ||     3
       Royal jelly       |       |     1 ||     1
Armor: Robe              |       |     3 ||     3
Dodge: Dodged            |     8 |    45 ||    53
